 Dungeon Crawl Stone Soup version 0.30-b1-2-g02819fbbbe (webtiles) character file.

Game seed: 9096721085055369302

198 MajorAdolf the Trooper (level 5, -3/52 HPs)
             Began as a Naga Wanderer on Aug 30, 2023.
             Splashed by a jelly's acid (7 damage)
             ... on level 3 of the Dungeon.
             The game lasted 00:03:36 (3362 turns).

MajorAdolf the Trooper (Naga Wanderer)              Turns: 3362, Time: 00:03:36

Health: -3/52      AC:  0    Str: 18    XL:     5   Next: 77%
Magic:  14/14      EV:  8    Int: 10    God:
Gold:   205        SH:  0    Dex: 11    Spells: 4/4 levels left

rFire   . . .        a - +1 short sword (venom)
rCold   . . .        (no shield)
rNeg    . . .        e - +2 scale mail
rPois   +            (no helmet)
rElec   .            (no cloak)
rCorr   .            v - +0 pair of gloves
SInv    +            (no barding)
Will    .....        (no amulet) Stlth
                     n - ring of magical power
HPRegen 0.28/turn    (no ring)
MPRegen 0.14/turn

%: no passive effects
@: corroded, very slow
A: AC +1, large, see invisible, deformed body, poison resistance, slowness 2,
spit poison 1, naga tail 1
a: Spit Poison


You were on level 3 of the Dungeon.
You visited 1 branch of the dungeon, and saw 4 of its levels.

You collected 205 gold pieces.

Inventory:

Hand Weapons
 a - a +1 short sword of venom (weapon)
 j - a +0 whip
Missiles
 t - a throwing net
Armour
 e - a +2 scale mail (worn)
 i - a scarf of shadows
 k - a +0 plate armour
 v - a +0 pair of gloves (worn)
Jewellery
 n - a ring of magical power (left hand)
 q - an amulet of faith
Wands
 w - a wand of charming (3)
Scrolls
 b - 2 scrolls of teleportation
 g - a scroll of fear {unknown}
 h - 4 scrolls of noise {unknown}
 l - 5 scrolls of identify {unknown}
 o - a scroll of blinking {unknown}
 r - a scroll of magic mapping {unknown}
 s - a scroll of amnesia {unknown}
 x - 2 scrolls of immolation {unknown}
 y - a scroll of vulnerability {unknown}
Potions
 c - 3 potions of attraction
 d - a potion of might
 f - a potion of ambrosia {unknown}
 m - 3 potions of haste {unknown}
 p - a potion of brilliance {unknown}
 u - a potion of magic {unknown}
 z - a potion of degeneration {unknown}
 A - a potion of cancellation {unknown}


   Skills:
 + Level 5.1 Fighting
 - Level 1.2 Axes
 + Level 3.8 Armour
 + Level 2.6 Dodging
 - Level 2.0 Unarmed Combat


You had 4 spell levels left.
You didn't know any spells.
Your spell library contained the following spells:

 Spells                   Type           Power      Damage    Failure   Level
 Magic Dart               Conj           0%         1d3       75%         1
 Searing Ray              Conj           0%         2d4       87%         2
 Fulminant Prism          Conj/Hex       0%         3d5       100%        4


Dungeon Overview and Level Annotations

Branches:
Dungeon (4/15)
 Temple: D:4-7

Altars:


Innate Abilities, Weirdness & Mutations

Your serpentine skin is tough. (AC +1)
You have supernaturally acute eyesight. (SInv)
Armour fits poorly on your strangely shaped body.
Your system is resistant to poisons. (rPois)
You cover ground very slowly.
You can spit poison.
You have a snake-like lower body.


Message History

Done exploring.
There is an open door here.
There is a stone staircase leading down here.
You climb downwards.
The jelly quivers.
Found a stone staircase leading up.
There is a stone staircase leading up here.
Unknown command.
You hit the jelly.
The jelly is poisoned.
The acid corrodes you!
Your hands burn!
The jelly is lightly wounded.
The jelly hits you. The acid corrodes you!
You are splashed with acid!
The jelly hits you. The acid corrodes you!
You are splashed with acid!
You climb upwards.
There is a stone staircase leading down here.
Unknown command.
You hit the jelly.
Your hands burn!
The jelly is heavily wounded.
The jelly barely misses you.
Aiming: Spit Poison (1% risk of failure)
Press: ? - help, Shift-Dir - straight line, f - jelly
Aim: a jelly (heavily wounded, poisoned, 100% to hit)
The splash of poison hits the jelly.
The jelly is severely wounded.
The jelly barely misses you.
Unknown command.
The jelly attacks as you move away! The jelly hits you.
You are splashed with acid!
The jelly hits you.
You are splashed with acid!
* * * LOW HITPOINT WARNING * * *
Unknown command.
Okay, then.
You hit the jelly but do no damage.
The jelly looks even sicker.
Your hands burn!
* * * LOW HITPOINT WARNING * * *
The jelly is severely wounded.
You have got your breath back.
The jelly hits you.
* * * LOW HITPOINT WARNING * * *
You are splashed with acid!
You die...

##.## ##.#.##.## #.# #.#
#...#### #.# #.# ##.## #.#
##.## #.# ##### #####...##
##'## #.... #........## ##...##
######.8.8
#.#.##..#.###.....###....#....
##.......#.##.......##.####>...
#........#.#..@J.>...#.##.#....
#..........'.........'....#.8.8
#..#.....###.........#.#..#....
#..#.#.#.# ##.......##.#.######
#..#.#.#.# ##.....###.#.###.#.
#........# ##...## #.........
####.##### ##+## #######.## #.#
#.# #.# #.# #.# #.#


You could see a jelly (very poisoned).

Vanquished Creatures
  An orc priest (D:3)
  Ijyb (D:3)
  3 gnolls (D:3)
  5 adders
  A worm (D:3)
  A dart slug (D:2)
  4 orcs (D:3)
  6 endoplasms
  2 giant cockroaches (D:2)
  5 hobgoblins
  6 quokkas
  5 ball pythons
  4 bats
  A frilled lizard (D:3)
  7 goblins
  8 kobolds
  5 rats
65 creatures vanquished.

Notes
Turn   | Place    | Note
-------+----------+-------------------------------------------
     0 | D:1      | MajorAdolf the Naga Wanderer began the quest for the Orb.
     0 | D:1      | MajorAdolf set off with the following items: a +0 club, a
                  | scroll of teleportation, a potion of attraction, a potion
                  | of might, a +2 scale mail.
     0 | D:1      | Reached XP level 1. HP: 25/25 MP: 1/1
   151 | D:1      | Reached XP level 2. HP: 28/32 MP: 2/2
   407 | D:1      | Reached skill level 1 in Dodging
   999 | D:2      | Reached XP level 3. HP: 33/39 MP: 3/3
  1054 | D:2      | Reached skill level 1 in Axes
  1054 | D:2      | HP: 1/39 [frozen (1)]
  1419 | D:2      | Reached XP level 4. HP: 46/46 MP: 4/4
  1477 | D:2      | Found a faded altar of an unknown god.
  1956 | D:3      | Noticed Ijyb
  1968 | D:3      | Killed Ijyb
  2002 | D:3      | Reached XP level 5. HP: 32/52 MP: 5/5
  3362 | D:3      | Splashed by a jelly's acid

Illustrated notes

Levels and vault maps discovered:
D:1:      psy_arrival_statuary, layout_basic, hex_large
D:2:      wander_river, layout_rooms, shapermc_ecumenical_altar_pompeii,
          minmay_pentomino_t4
D:3:      layout_loops_corners, grunt_ministairs_3, minmay_box_of_dots,
          uniq_ijyb
D:4:      kennysheep_the_goblin_king, layout_loops_corners, lemuel_doored_altar,
          grunt_ministairs_7

Skill      XL: |  1  2  3  4 |
---------------+-------------+-----
Dodging        | 1 2 |  2.6
Axes           | 1 |  1.2
Armour         | 3 |  3.8
Fighting       | |  5.1
Unarmed Combat | |  2.0

Action                     |  1- 3 |  4- 6 || total
---------------------------+-------+-------++-------
  Melee: Club              |    14 |       ||    14
         Dagger            |    35 |       ||    35
         Whip              |    71 |       ||    71
         Punch             |     1 |     3 ||     4
         Short sword       |     5 |   125 ||   130
Ability: Spit Poison       |     6 |     4 ||    10
    Use: Potion            |     1 |       ||     1
 Armour: Scale mail        |    80 |    50 ||   130
         Plate armour      |    32 |     6 ||    38
  Dodge: Dodged            |    57 |    54 ||   111
